 Dungeon Crawl Stone Soup version 0.24-a0-549-g45f0056d81 (webtiles) character file.

Game seed: 16815330485990048721

4183 Gargoyl the Chopper (level 10, -3/83 HPs)
             Began as a Centaur Abyssal Knight on Aug 20, 2019.
             Was an Elder of Lugonu.
             Slain by a death yak (9 damage)
             ... on level 8 of the Dungeon.
             The game lasted 00:13:54 (9654 turns).

Gargoyl the Chopper (Centaur Abyssal Knight)        Turns: 9654, Time: 00:13:55

Health: -3/83      AC: 12    Str: 17    XL:     10   Next: 8%
Magic:  4/15       EV:  9    Int: 11    God:    Lugonu [****..]
Gold:   453        SH:  4    Dex: 13    Spells: 9/9 levels left

rFire    + . .     SeeInvis .   a - +6 hand axe
rCold    + . .     Gourm    .   n - +0 buckler
rNeg     . . .     Faith    .   o - +3 scale mail {rPois}
rPois    +         Spirit   .   k - +1 helmet
rElec    .         Reflect  .   u - scarf {rC+ rF+}
rCorr    .         Harm     .   (no gloves)
MR       .....                  (no barding)
Stlth    +.........             (no amulet)
HPRegen  0.23/turn              r - ring of stealth
MPRegen  0.14/turn              e - +3 ring of dexterity

@: marked, very quick
A: large, hooves 3, deformed body, speed 2, tough skin 3
a: Depart the Abyss, Bend Space, Banish, Corrupt, Renounce Religion


You were on level 8 of the Dungeon.
You worshipped Lugonu.
Lugonu was greatly pleased with you.
You were near starving.

You visited 1 branch of the dungeon, and saw 8 of its levels.
You visited the Abyss 1 time.
You also visited: Ossuary.

You collected 453 gold pieces.

Inventory:

Hand Weapons
 a - a +6 hand axe (weapon)
Armour
 k - a +1 helmet (worn)
 n - a +0 buckler (worn)
 o - a +3 scale mail of poison resistance (worn)
 u - a scarf of resistance (worn)
 z - a scarf of cloud immunity
Jewellery
 e - a +3 ring of dexterity (right hand)
 r - a ring of stealth (left hand)
Wands
 h - a wand of polymorph (6)
 m - a wand of paralysis (7)
Scrolls
 d - 3 scrolls of remove curse
 g - a scroll of fear
 w - 2 scrolls of teleportation
 y - 3 scrolls of identify
 A - a scroll of immolation {unknown}
 B - a scroll of blinking
Potions
 b - 2 potions of agility
 f - 5 potions of might
 j - a potion of lignification
 l - 2 potions of heal wounds
 p - a potion of cancellation {unknown}
 q - a potion of curing {unknown}
 s - 2 potions of brilliance {unknown}
 t - a potion of berserk rage
 v - 2 potions of resistance {unknown}
 x - 2 potions of mutation {unknown}
Comestibles
 c - 19 rations


   Skills:
 + Level 5.7 Fighting
 + Level 7.4 Axes
 * Level 5.6 Armour
 * Level 4.3 Dodging
 + Level 1.2 Shields
 * Level 7.1 Invocations
 + Level 0.2 Evocations


You had 9 spell levels left.
You didn't know any spells.
Your spell library contained the following spells:

 Spells                   Type           Power        Failure   Level  Hunger
 Animate Skeleton         Necr           N/A          80%         1    ##.....
 Apportation              Tloc           #.....       80%         1    ##.....
 Confusing Touch          Hex            #.....       80%         1    ##.....
 Sandblast                Erth           #.....       80%         1    ##.....
 Summon Small Mammal      Summ           #...         80%         1    ##.....
 Passwall                 Tmut/Erth      #.......     91%         2    ###....
 Confuse                  Hex            #.......     99%         3    ####...
 Gell's Gravitas          Tloc           #.........   99%         3    ####...
 Stone Arrow              Conj/Erth      #.....       99%         3    ####...
 Petrify                  Tmut/Erth      #.......     100%        4    #####..
 Lee's Rapid Deconstruct  Erth           #.........   100%        5    ######.
 Metabolic Englaciation   Hex/Ice        #.........   100%        5    ######.
 Yara's Violent Unravell  Hex/Tmut       #.........   100%        5    ######.


Dungeon Overview and Level Annotations

Branches:
Dungeon (8/15)             Temple (0/1) D:7            Lair (0/6) D:8

Altars:
Cheibriados
Elyvilon
Kikubaaqudgha
Trog
Xom
Yredelemnul
The Shining One


Innate Abilities, Weirdness & Mutations

You have hooves in place of feet.
Armour fits poorly on your strangely shaped body.
You cover ground very quickly.
You have extremely tough skin. (AC +3)


Message History

Aim: a death yak (chance to defeat MR: 21%)
The death yak resists with almost no effort.
You are near starving!
The adder bites you but does no damage. The death yak gores you!
Press: ? - help, Shift-Dir - straight line, f/p - death yak
Aim: a death yak (chance to defeat MR: 21%)
You fail to use your ability.
The adder barely misses you. The death yak gores you!
The death yak snorts and paws the ground.
The adder bites you but does no damage.
Press: ? - help, Shift-Dir - straight line, f/p - death yak
Aim: a death yak (chance to defeat MR: 21%)
The death yak resists with almost no effort.
You feel somewhat more hungry. The adder barely misses you.
The death yak barely misses you. The death yak gores you!!
* * * LOW HITPOINT WARNING * * *
You feel much better. The adder closely misses you. The death yak gores you!
* * * LOW HITPOINT WARNING * * *
The death yak gores you!
You die...

#.#...........'............#
#.......#######............#
#.##.#### #.)..........# #
#.# #............# ..#
#............# ...#
#............# ....#
#######............# ....#
#..)S.....(........# ....#
#..@Y......######.##
#^..Y.....Y..# ..
########....... ..
#..####.####. #..##.....##.
#..#.......#. ..#...)...#.
......_..... #.......#.


You could see 3 death yaks and an adder.

Vanquished Creatures
  Harold (D:8)
  A troll (D:8)
  Eustachio (D:4)
  An orc warrior (D:7)
  An ice beast (D:8)
  2 phantoms
  2 ogres
  3 sky beasts
  3 centaurs
  5 bullfrogs
  A scorpion (D:4)
  5 killer bees (D:8)
  5 wights (D:8)
  A vampire bat (D:7)
  7 crimson imps
  2 human zombies (Ossuary)
  2 bullfrog skeletons (D:6)
  4 orc priests
  A hound (D:4)
  Jessica (D:2)
  Ijyb (D:5)
  An iguana (D:8)
  5 orc wizards
  4 worker ants
  Terence (D:2)
  2 big kobold zombies (Ossuary)
  2 mummies (Ossuary)
  7 gnolls
  7 adders
  A howler monkey skeleton (D:4)
  A shadow imp (D:6)
  An ooze (D:7)
  An adder zombie (Ossuary)
  8 worms
  5 dart slugs
  2 leopard geckos
  32 orcs
  6 bats
  6 bat skeletons (D:7)
  A bat zombie (D:7)
  7 giant cockroaches
  5 goblins
  8 hobgoblins
  14 jackals
  A quokka (D:8)
  A ball python (D:4)
  3 frilled lizards
  2 goblin zombies (Ossuary)
  10 hobgoblin zombies (Ossuary)
  A jackal skeleton (D:6)
  2 jackal zombies
  5 kobolds
  11 kobold zombies (Ossuary)
  5 orc zombies (Ossuary)
  A quokka zombie (D:5)
  13 rats
  3 rat zombies
235 creatures vanquished.

Notes
Turn   | Place    | Note
-------+----------+-------------------------------------------
     0 | Abyss:1  | Gargoyl the Centaur Abyssal Knight began the quest for the
                  | Orb.
     0 | Abyss:1  | Reached XP level 1. HP: 19/19 MP: 2/2
    40 | Abyss:1  | Noticed a wretched star
    49 | D:1      | Escaped the Abyss
   254 | D:1      | Reached XP level 2. HP: 13/26 MP: 3/3
   436 | D:1      | Reached * piety under Lugonu
   743 | D:1      | Reached skill level 1 in Dodging
   941 | D:1      | Reached XP level 3. HP: 31/31 MP: 4/4
  1530 | D:1      | Reached XP level 4. HP: 34/38 MP: 5/5
  2069 | D:2      | Noticed Jessica
  2084 | D:2      | Killed Jessica
  2084 | D:2      | Reached ** piety under Lugonu
  2084 | D:2      | Reached XP level 5. HP: 46/46 MP: 7/7
  2463 | D:2      | Noticed Terence
  2941 | D:2      | Killed Terence
  3221 | D:3      | Reached XP level 6. HP: 44/52 MP: 8/8
  3852 | D:4      | Reached *** piety under Lugonu
  4151 | D:4      | Found a shimmering altar of Xom.
  4151 | D:4      | Noticed Eustachio
  4161 | D:4      | Reached XP level 7. HP: 59/59 MP: 9/9
  4213 | D:4      | Killed Eustachio
  4468 | D:5      | Entered Level 5 of the Dungeon
  4617 | D:5      | Found a sand-covered staircase.
  4627 | Ossuary  | Entered an ossuary
  4696 | Ossuary  | Reached **** piety under Lugonu
  4758 | Ossuary  | Reached skill level 5 in Axes
  4758 | Ossuary  | Reached XP level 8. HP: 57/67 MP: 11/11
  5156 | D:5      | Found a white marble altar of Elyvilon.
  5196 | D:5      | Noticed Ijyb
  5226 | D:5      | Killed Ijyb
  5226 | D:5      | Reached skill level 5 in Invocations
  5848 | D:5      | Noticed a moth of wrath
  5851 | D:5      | Found a bloodstained altar of Trog.
  5901 | D:5      | Got a brightly glowing shortbow
  6407 | D:6      | Reached skill level 1 in Shields
  6589 | D:6      | Found a snail-covered altar of Cheibriados.
  7009 | D:7      | Reached XP level 9. HP: 58/73 MP: 13/13
  7029 | D:7      | Reached skill level 5 in Fighting
  7383 | D:7      | Found a staircase to the Ecumenical Temple.
  7723 | D:7      | Reached ***** piety under Lugonu
  8208 | D:7      | Found a glowing golden altar of the Shining One.
  8274 | D:7      | Found an ancient bone altar of Kikubaaqudgha.
  8361 | D:8      | Found a staircase to the Lair.
  8362 | D:8      | Noticed a death yak
  8363 | D:8      | Noticed a death yak
  8375 | D:8      | Noticed a death yak
  8389 | D:8      | Found a basalt altar of Yredelemnul.
  8389 | D:8      | Identified the +6 dagger of Karma {pierce, rF+ rN+ Str+5}
  8764 | D:8      | Reached skill level 5 in Armour
  9291 | D:8      | Noticed a troll
  9305 | D:8      | Killed a troll
  9616 | D:8      | Noticed Harold
  9633 | D:8      | Killed Harold
  9633 | D:8      | Reached XP level 10. HP: 52/83 MP: 15/15
  9654 | D:8      | Slain by a death yak

Levels and vault maps discovered:
D:1:      erik_arrival_triangle_small, layout_basic
D:2:      layout_loops_ring, uniq_terence, uniq_jessica
D:3:      layout_basic
D:4:      layout_basic, led_xom_imps, uniq_eustachio
D:5:      layout_loops_ring, elyvilon_altar_1, tgw_trog, first_ration,
          enter_ossuary_4, uniq_ijyb
D:6:      layout_loops_ring, slow_altar_2
D:7:      layout_basic, kennysheep_vampire_church,
          lemuel_coloured_pillars_altar, minmay_temple_entry_sparse_star
D:8:      layout_basic, old_standard_altar, dpeg_lair_monsters,
          kennysheep_generic_room_13, uniq_harold

Skill      XL: |  1  2  3  4  5  6  7  8  9 |
---------------+----------------------------+-----
Axes           | 2 3 5 6 7 |  7.4
Dodging        | 1 2 3 4 |  4.3
Armour         | 2 3 4 5 |  5.6
Invocations    | 3 4 5 7 |  7.1
Fighting       | 4 5 |  5.7
Shields        | 1 |  1.2
Evocations     | |  0.2

Action                   |  1- 3 |  4- 6 |  7- 9 | 10-12 || total
-------------------------+-------+-------+-------+-------++-------
Melee: Hand axe          |    58 |   159 |   486 |       ||   703
       Kick              |    10 |    39 |   126 |       ||   175
       Unarmed           |       |       |    22 |       ||    22
Invok: Depart the Abyss  |     1 |       |       |       ||     1
       Banish            |       |       |     3 |     6 ||     9
Evoke: Wand              |       |       |     5 |       ||     5
  Use: Scroll            |     5 |     6 |     5 |       ||    16
       Potion            |       |       |     6 |     2 ||     8
 Stab: Distracted        |       |     1 |       |       ||     1
       Paralysed         |       |       |     4 |       ||     4
  Eat: Chunk             |     1 |     7 |    13 |       ||    21
       Ration            |       |       |     1 |       ||     1
Armor: Leather armour    |    41 |    26 |       |       ||    67
       Skin              |       |     1 |    24 |       ||    25
       Scale mail        |       |    44 |   241 |     4 ||   289
Dodge: Dodged            |    50 |    68 |   188 |     4 ||   310
Block: Buckler           |       |     2 |    71 |       ||    73

Table legend:
 A = Non-vault XP
 B = Vault XP
 C = Vault XP percentage of total XP
 D = Non-vault monster count
 E = Vault monster count
 F = Vault count percentage of total count
                 A         B        C        D         E       F
            +---------+---------+-------+---------+---------+-------
      Total |    3980 |    1996 |  33.4 |     167 |      68 |  28.9
            +---------+---------+-------+---------+---------+-------
        D:1 |     106 |       0 |   0.0 |      28 |       0 |   0.0
        D:2 |     120 |      69 |  36.5 |      29 |       2 |   6.5
        D:3 |     141 |       0 |   0.0 |      20 |       0 |   0.0
        D:4 |     298 |     394 |  56.9 |      11 |       5 |  31.2
        D:5 |     815 |      50 |   5.8 |      26 |       8 |  23.5
        D:6 |     573 |       5 |   0.9 |      16 |       1 |   5.9
        D:7 |     626 |      69 |   9.9 |      19 |       8 |  29.6
        D:8 |    1301 |    1198 |  47.9 |      18 |       6 |  25.0
    Ossuary |       0 |     211 | 100.0 |       0 |      38 | 100.0
            +---------+---------+-------+---------+---------+-------
